 Dungeon Crawl Stone Soup version 0.21.1-1-g345015f (webtiles) character file.

154 spiff the Skirmisher (level 5, 0/55 HPs)
             Began as an Ogre Skald on July 8, 2018.
             Was an Initiate of Ashenzari.
             Slain by Kagorn's ghost (2 damage)
             ... on level 3 of the Dungeon.
             The game lasted 00:07:53 (3289 turns).

spiff the Skirmisher (Ogre Skald)                   Turns: 3289, Time: 00:07:54

Health: 0/55       AC:  4    Str: 16    XL:     5   Next: 35%
Magic:  8/9        EV: 10    Int: 14    God:    Ashenzari [......]
Gold:   166        SH:  0    Dex: 11    Spells: 4/10 levels left

rFire    . . .     SeeInvis .   a - +1 mace
rCold    . . .     Gourm    .   (no shield)
rNeg     . . .     Faith    .   b - +1 robe
rPois    .         Spirit   .   (helmet restricted)
rElec    .         Reflect  .   (no cloak)
rCorr    .         Harm     .   (gloves unavailable)
MR       .....                  (boots unavailable)
Stlth    +.........             i - amulet of rage
HPRegen  0.18/turn              k - ring of wizardry (curse)
MPRegen  0.11/turn              n - +3 ring of dexterity

@: berserk cooldown, slowed, very slow
A: large, unfitting armour, tough skin 1
a: Curse Item, Renounce Religion, Evoke Berserk Rage


You were on level 3 of the Dungeon.
You worshipped Ashenzari.
Ashenzari was noncommittal.
You were hungry.

You visited 1 branch of the dungeon, and saw 3 of its levels.

You collected 166 gold pieces.

Inventory:

Hand Weapons
 a - a +1 mace (weapon)
 r - a -3 mace
Armour
 b - a +1 robe (worn)
Jewellery
 g - an uncursed ring of ice
 i - an amulet of rage (around neck)
 j - an uncursed ring of see invisible
 k - a cursed ring of wizardry (left hand)
 n - a +3 ring of dexterity (right hand)
Scrolls
 e - a scroll of enchant armour
 f - 2 scrolls of enchant weapon
 h - a scroll of random uselessness {unknown}
 o - 4 scrolls of identify {unknown}
 s - a scroll of teleportation
Potions
 m - a potion of ambrosia {unknown}
 p - a potion of magic {unknown}
 q - 4 potions of curing {unknown}
Books
 c - a book of Battle

   Spells                             Type                      Level
   a - Infusion                       Charms                       1
   b - Shroud of Golubria             Charms/Translocation         2
   c - Song of Slaying                Charms                       2
   d - Spectral Weapon                Hexes/Charms                 3
   e - Regeneration                   Charms/Necromancy            3
Comestibles
 d - 5 rations
 l - 8 chunks of flesh


   Skills:
 * Level 4.7 Fighting
 * Level 3.1 Maces & Flails
 - Level 2.1 Dodging
 + Level 3.2 Spellcasting
 + Level 3.2 Charms


You had 4 spell levels left.
You knew the following spells:

 Your Spells              Type           Power        Failure   Level  Hunger
a - Infusion              Chrm           ##..         2%          1    #......
b - Shroud of Golubria    Chrm/Tloc      #.........   6%          2    ##.....
c - Regeneration          Chrm/Necr      #.........   13%         3    ###....


Dungeon Overview and Level Annotations

Branches:
Dungeon (3/15)

Altars:
Ashenzari
Elyvilon
Hepliaklqana
Okawaru
Trog
Wu Jian

Annotations:
D:3 Kagorn's ghost, amateur TrBe


Innate Abilities, Weirdness & Mutations

You are too large for most types of armour.
You have tough skin. (AC +1)


Message History

Kagorn's ghost is severely damaged.
You are no longer berserk.
You are exhausted.
You feel yourself slow down.
Your shroud bends Kagorn's ghost's attack away.
You closely miss Kagorn's ghost.
Kagorn's ghost is severely damaged.
Kagorn's ghost says, "You will never get the ORB!"
Kagorn's ghost hits you! Kagorn's ghost burns you.
Your shroud bends Kagorn's ghost's attack away.
You hit Kagorn's ghost.
Kagorn's ghost is almost destroyed.
Your shroud unravels.
Kagorn's ghost hits you! Kagorn's ghost burns you!
* * * LOW HITPOINT WARNING * * *
Kagorn's ghost barely misses you. Kagorn's ghost hits you!
* * * LOW HITPOINT WARNING * * *
Kagorn's ghost burns you.
You die...

###### #....# #.##.#
####################.##.#
....................>...#
######.#.#.##.)...#######
.# #....#.##..#..### .##
####.......#รท...# ..#
#.#.##..W@##.#
#.######.#.....#.##.#
#..##.....####......#
##.##.....# ###.####
#..#.....# #.# ##.#.....#
#.# #.#.....# ###
#.#.....#####
#...........#


You could see Kagorn's ghost.

Vanquished Creatures
  An orc wizard (D:3)
  An iguana (D:3)
  An adder (D:3)
  An ooze (D:1)
  A worm (D:2)
  4 dart slugs
  A leopard gecko (D:1)
  2 orcs (D:2)
  A ball python (D:3)
  4 giant cockroaches
  6 goblins
  9 hobgoblins
  10 jackals (D:1)
  6 kobolds
  2 quokkas (D:3)
  7 bats
  4 frilled lizards
  6 rats
67 creatures vanquished.

Notes
Turn   | Place    | Note
-------+----------+-------------------------------------------
     0 | D:1      | spiff the Ogre Skald began the quest for the Orb.
     0 | D:1      | Reached XP level 1. HP: 22/22 MP: 3/3
    56 | D:1      | Reached skill level 3 in Fighting
   128 | D:1      | Reached XP level 2. HP: 31/31 MP: 2/5
   500 | D:1      | Learned a level 2 spell: Shroud of Golubria
   547 | D:1      | Reached XP level 3. HP: 37/37 MP: 4/7
  1257 | D:2      | Learned a level 3 spell: Regeneration
  1475 | D:2      | Found an iron altar of Okawaru.
  1797 | D:3      | Reached XP level 4. HP: 45/48 MP: 8/8
  1945 | D:3      | Reached skill level 4 in Fighting
  2083 | D:3      | Found a hazy altar of Hepliaklqana.
  2196 | D:3      | Noticed Kagorn's ghost (amateur TrBe)
  2646 | D:3      | Found a shattered altar of Ashenzari.
  2671 | D:3      | Became a worshipper of Ashenzari the Shackled
  2767 | D:3      | Reached XP level 5. HP: 17/55 MP: 2/9
  3132 | D:3      | Found an ornate altar of the Wu Jian Council.
  3165 | D:3      | Found a bloodstained altar of Trog.
  3168 | D:3      | Found a white marble altar of Elyvilon.
  3289 | D:3      | HP: 2/55 [Kagorn's ghost (9)]
  3289 | D:3      | Slain by Kagorn's ghost

Skill      XL: |  1  2  3  4 |
---------------+-------------+-----
Fighting       | 3 4 |  4.7
Maces & Flails | 2 3 |  3.1
Charms         | 3 |  3.2
Spellcasting   | 3 |  3.2
Dodging        | |  2.1

Action                   |  1- 3 |  4- 6 || total
-------------------------+-------+-------++-------
Melee: Mace              |   134 |    96 ||   230
 Cast: Infusion          |     4 |     1 ||     5
       Shroud of Golubri |    10 |     9 ||    19
       Regeneration      |     1 |     3 ||     4
Invok: Curse Item        |       |     1 ||     1
 Abil: Evoke Berserk Rag |       |     2 ||     2
  Use: Scroll            |     5 |       ||     5
 Stab: Sleeping          |       |     1 ||     1
  Eat: Chunk             |     3 |     4 ||     7
       Ration            |       |     1 ||     1
Armor: Robe              |    54 |    37 ||    91
Dodge: Dodged            |    96 |    61 ||   157
